 Dungeon Crawl Stone Soup version 0.24.0-13-gcf9b319 (webtiles) character file.

Game seed: 4258405478908567977, levelgen mode: deterministic

72 Balder the Shield-Bearer (level 4, 0/31 HPs)
             Began as a Halfling Fighter on Dec 23, 2019.
             Slain by Sigmund
             ... wielding a +0 scythe
              (5 damage)
             ... on level 2 of the Dungeon.
             The game lasted 00:07:24 (1689 turns).

Balder the Shield-Bearer (Halfling Fighter)         Turns: 1689, Time: 00:07:25

Health: 0/31       AC:  6    Str: 16 (17) XL:     4   Next: 50%
Magic:  4/4        EV:  9    Int:  8 (11) God:
Gold:   44         SH:  9    Dex: 13 (14) Spells: 3/3 levels left

rFire    . . .     SeeInvis .   a - +0 war axe
rCold    . . .     Gourm    .   c - +0 shield
rNeg     . . .     Faith    .   b - +0 scale mail
rPois    .         Spirit   .   (no helmet)
rElec    .         Reflect  .   (no cloak)
rCorr    .         Harm     .   (no gloves)
MR       .....                  (no boots)
Stlth    ..........             (no amulet)
HPRegen  0.10/turn              (no ring)
MPRegen  0.09/turn              (no ring)

@: brilliant
A: small, mutation resistance 1
a: no special abilities


You were on level 2 of the Dungeon.
You were not hungry.

You visited 1 branch of the dungeon, and saw 2 of its levels.

You collected 44 gold pieces.

Inventory:

Hand Weapons
 a - a +0 war axe (weapon)
 m - a +0 long sword
Armour
 b - a +0 scale mail (worn)
 c - a +0 shield (worn)
 h - a +0 cloak
Scrolls
 e - a scroll of noise {unknown}
 i - 3 scrolls of identify {unknown}
 l - a scroll of blinking {unknown}
 o - a scroll of teleportation {unknown}
 p - a scroll of amnesia {unknown}
 q - a scroll of remove curse {unknown}
Potions
 k - a potion of brilliance
 n - a potion of invisibility {unknown}
Comestibles
 d - 10 chunks of flesh
 f - 6 rations


   Skills:
 * Level 3.0 Fighting
 * Level 2.8 Axes
 * Level 3.6 Armour
 * Level 0.9 Dodging
 * Level 1.2 Stealth
 * Level 3.9 Shields


You had 3 spell levels left.
You didn't know any spells.
Your spell library was empty.

Dungeon Overview and Level Annotations

Branches:
Dungeon (2/15)

Altars:
The Shining One

Annotations:
D:2 Sigmund


Innate Abilities, Weirdness & Mutations

You are small and have problems with some larger weapons.
You are somewhat resistant to further mutation.


Message History

Sigmund is moderately wounded.
Sigmund hits you with a +0 scythe.
You hit Sigmund but do no damage.
Sigmund is moderately wounded.
Sigmund casts a spell.
Sigmund flickers and vanishes!
Deactivating autopickup; reactivate with Ctrl-A.
You closely miss something. Something hits you but does no damage.
It was a potion of degeneration.
There was something very wrong with that liquid.
You feel weakened.
You feel dopey.
You feel clumsy. Something hits you!
It was a potion of mutation.
You feel extremely strange.
You hear some strange, mumbled words.
A puff of flame appears from out of thin air!
The puff of flame hits you.
You closely miss something. Something hits you!
* * * LOW HITPOINT WARNING * * *
You miss something. Something hits you.
You die...

.# .# .# ###. #
... #.##.# ##
#....### ..
#.{@..# .#
#.###.# .# #
#.###.# #
#.##..#.#.#.#.#
#.......#.#.#.#
####.####.#
..## #.....#.#
#...
#>......###...
##<#.#........


There were no monsters in sight!

Vanquished Creatures
  Jessica (D:2)
  A worm (D:2)
  A leopard gecko (D:1)
  5 giant cockroaches
  4 goblins
  3 hobgoblins
  10 jackals
  A quokka (D:2)
  4 bats
  2 frilled lizards (D:1)
  A kobold (D:1)
  4 rats
37 creatures vanquished.

Notes
Turn   | Place    | Note
-------+----------+-------------------------------------------
     0 | D:1      | Balder the Halfling Fighter began the quest for the Orb.
     0 | D:1      | Reached XP level 1. HP: 15/15 MP: 1/1
   208 | D:1      | Reached XP level 2. HP: 20/20 MP: 2/2
   601 | D:1      | Reached XP level 3. HP: 24/25 MP: 3/3
  1000 | D:2      | Noticed Jessica
  1013 | D:2      | Killed Jessica
  1013 | D:2      | Reached skill level 1 in Stealth
  1013 | D:2      | Reached XP level 4. HP: 12/31 MP: 4/4
  1437 | D:2      | Found a glowing golden altar of the Shining One.
  1673 | D:2      | Noticed Sigmund
  1689 | D:2      | Slain by Sigmund

Levels and vault maps discovered:
D:1:      erik_arrival_triangle_small, layout_loops_ring
D:2:      layout_basic, overflow_temple_1_default, lemuel_round_altar,
          uniq_crazy_yiuf_cottage, uniq_jessica, uniq_sigmund

Skill      XL: |  1  2  3 |
---------------+----------+-----
Fighting       | 3 |  3.0
Stealth        | 1 |  1.2
Axes           | |  2.8
Armour         | |  3.6
Dodging        | |  0.9
Shields        | |  3.9

Action                   |  1- 3 |  4- 6 || total
-------------------------+-------+-------++-------
Melee: War axe           |    89 |    69 ||   158
  Use: Potion            |     1 |     3 ||     4
  Eat: Chunk             |       |     3 ||     3
Armor: Scale mail        |    48 |    33 ||    81
Dodge: Dodged            |    46 |    33 ||    79
Block: Shield            |    76 |    46 ||   122
